 Dungeon Crawl Stone Soup version 0.17-a0-1830-g81820eb (webtiles) character file.

18194 KambridgeKobold the Peltast (level 12, -7/103 HPs)
             Began as a Minotaur Fighter on Sept 12, 2015.
             Was a High Priest of Ru.
             Killed from afar by a fire dragon (37 damage)
             ... with a blast of flame
             ... on level 12 of the Dungeon on Sept 13, 2015.
             The game lasted 00:56:20 (15709 turns).

KambridgeKobold the Peltast (Minotaur Fighter)     Turns: 15709, Time: 00:56:21

Health: -7/103     AC: 17    Str: 20      XL:     12   Next: 25%
Magic:  11/11      EV:  8    Int:  7      God:    Ru [*****.]
Gold:   674        SH: 14    Dex: 11 (12) Spells: 0 memorised, 11 levels left

rFire  . . .     SeeInvis .     G - +2 morningstar
rCold  . . .     Clarity  .     f - +0 plate armour
rNeg   . . .     SustAt   .     c - +0 shield
rPois  .         Gourm    .     (helmet unavailable)
rElec  .         Spirit   .     h - +1 cloak
rCorr  .         Warding  .     (no gloves)
rMut   .         Stasis   .     (no boots)
MR     .....                    (no amulet)
Stlth  ..........               r - +2 ring of evasion
                                (no ring)

@: no scrolls, not resistant to hostile enchantments, extremely unstealthy
A: retaliatory headbutt, horns 3, mutation resistance 1, weak 1, inability to
read while threatened, hated by all, inability to train dodging, no conjurations
magic, no hexes magic, no ice magic, missing an eye
a: Draw Out Power, Power Leap, Apocalypse, Renounce Religion


You were on level 12 of the Dungeon.
You worshipped Ru.
Ru was extremely pleased with you.
You were not hungry.

You visited 1 branch of the dungeon, and saw 12 of its levels.

You collected 674 gold pieces.

Inventory:

Hand weapons
 a - a +1 flail
 m - a +0 whip
 v - the +7 trident of No Interval {elec, rF+}
   (You found it on level 7 of the Dungeon)

   Occasionally, upon striking a foe, it will discharge some electrical energy
   and cause terrible harm.
   It protects you from fire.
 G - a +2 morningstar (weapon)
Missiles
 x - 13 tomahawks (quivered)
Armour
 c - a +0 shield (worn)
 f - a +0 plate armour (worn)
 h - a +1 cloak (worn)
Jewellery
 r - a +2 ring of evasion (right hand)
Magical devices
 k - a wand of flame (11)
 t - a wand of draining (11)
 E - a wand of fireball (5)
 I - a wand of flame (27)
 P - a wand of paralysis (5)
Scrolls
 b - 3 scrolls of fog
 l - 2 scrolls of enchant weapon
 o - 2 scrolls of blinking
 y - 2 scrolls of teleportation
 A - a scroll of magic mapping
 B - 3 scrolls of noise
 H - a scroll of fear
 K - 2 scrolls of enchant armour
 L - a scroll of silence
 M - a scroll of holy word
 N - 2 scrolls of recharging
Potions
 d - 3 potions of might
 g - 4 potions of flight
 i - a potion of ambrosia
 p - a potion of heal wounds
 q - a potion of berserk rage {unknown}
 w - a potion of curing {unknown}
 C - a potion of invisibility {unknown}
 F - a potion of lignification {unknown}
Comestibles
 e - 5 bread rations
 s - 4 meat rations
 D - 2 beef jerkies
 J - a royal jelly
 O - a slice of pizza


   Skills:
 + Level 8.9 Fighting
 - Level 13.0 Maces & Flails
 - Level 10.4 Armour
 + Level 15.5 Shields
 - Level 1.1 Evocations


You had 11 spell levels left.
You didn't know any spells.

Dungeon Overview and Level Annotations

Branches:
Dungeon (12/15)            Temple (0/1) D:4            Lair (0/8) D:10
    Orc (0/4) D:10

Altars:
Fedhas
Gozag
Kikubaaqudgha
Makhleb
Qazlal
Ru
Xom
Zin

Shops:
D:10 [(

Annotations:
D:4 1 runed door


Innate Abilities, Weirdness & Mutations

You reflexively headbutt those who attack you in melee.
You have a pair of large horns on your head.
You cannot read scrolls while threatened.
You are hated by all.
You cannot train Dodging skill.
You cannot study or cast Conjurations magic.
You cannot study or cast Hexes magic.
You cannot study or cast Ice magic.
You are missing an eye, making it more difficult to aim.
You are somewhat resistant to further mutation.
You are weak. (Str -2)


Message History

The quasit claws you but does no damage.
Evoke which item? (* to show all) (? for menu, Esc to quit)
Zapping:
t - a wand of draining (13)
Press: ? - help, Shift-Dir - straight line, f - fire dragon
Aim: a fire dragon The bolt of negative energy misses the fire dragon.
This wand has 12 charges left.
Something hits you but does no damage. The quasit barely misses you.
You furiously retaliate!
You headbutt the quasit. You block the quasit's attack. x2
Evoke which item? (* to show all) (? for menu, Esc to quit)
Zapping:
t - a wand of draining (12)
Press: ? - help, Shift-Dir - straight line, f/p - fire dragon
Aim: a fire dragon The bolt of negative energy misses the fire dragon.
This wand has 11 charges left.
You block its attack. You block the quasit's attack.
The quasit barely misses you.
The quasit claws you but does no damage.
The fire dragon breathes flames at you. The blast of flame hits you!
You die...

.................<.......).......
......................)[.รท.......
##..#####..####..#####...........
#..# #..# #..# #........... #..#
#..# #..# #........... #..# #..#
#..# #........... #..# #..# #..#
#........... #..# #..# #..#
#........... ##..#####..#
#.@#####........... ........####
#.5D....# .......##
#####.....##### ##..####
....###.###.... #..#
.....#...#..... #..# #.....# ##..#
######(..#### ....###
#(...........[ ......#
#.............


You could see a fire dragon and a quasit (blind).

Vanquished Creatures
  Maud (D:12)
  Josephine (D:10)
  An unseen horror (D:11)
  2 hill giants
  An orc knight (D:10)
  A wolf spider (D:11)
  5 ugly things
  A cyclops (D:12)
  The ghost of 4thArraOfDagon the Ruffian, an experienced TrCK of Xom (D:9)
  A gargoyle (D:12)
  A kobold demonologist (D:12)
  2 komodo dragons (D:10)
  3 trolls
  2 two-headed ogres
  A basilisk (D:10)
  A shadow (D:12)
  6 wraiths
  5 yaks (D:11)
  A vampire (D:12)
  Grum (D:8)
  4 wolves (D:8)
  2 hippogriffs
  A steam dragon (D:11)
  A water moccasin (D:11)
  6 ice beasts
  3 orc warriors
  2 wasps
  5 ogres
  2 black bears (D:9)
  3 phantoms
  2 sky beasts
  2 crocodiles (D:10)
  4 centaurs
  5 giant frogs
  2 big kobolds
  A wyvern skeleton (D:9)
  4 scorpions
  5 killer bees (D:8)
  5 crimson imps
  13 wights
  3 giant frog skeletons
  8 orc priests
  10 orc wizards
  2 centaur skeletons
  A centaur zombie (D:10)
  3 iguanas
  2 jellies (D:11)
  9 hounds
  6 worker ants
  A hound skeleton (D:6)
  3 worker ant zombies
  11 adders
  An ooze (D:3)
  2 adder skeletons
  An adder zombie (D:7)
  2 worms
  10 giant geckos
  50 orcs
  4 giant cockroaches
  5 goblins
  8 hobgoblins
  13 jackals
  A ball python (D:4)
  10 bats
  2 giant newts
  10 kobolds
  2 quokkas
  A quokka skeleton (D:8)
  5 rats
296 creatures vanquished.

Vanquished Creatures (others)
  A yak (D:11)
  2 vampire mosquitoes (D:12)
  A hippogriff (D:9)
  An orc warrior (D:6)
  A worker ant (D:12)
  A plant (D:12)
7 creatures vanquished.

Grand Total: 303 creatures vanquished

Notes
Turn   | Place    | Note
--------------------------------------------------------------
     0 | D:1      | KambridgeKobold the Minotaur Fighter began the quest for the Orb.
     0 | D:1      | Reached XP level 1. HP: 19/19 MP: 0/0
   219 | D:1      | Reached XP level 2. HP: 27/27 MP: 1/1
   295 | D:1      | Reached skill level 4 in Fighting
   587 | D:2      | Reached XP level 3. HP: 33/33 MP: 2/2
  1231 | D:3      | Found a burning altar of Makhleb.
  1239 | D:3      | Reached XP level 4. HP: 31/40 MP: 3/3
  2249 | D:3      | Found a sacrificial altar of Ru.
  2257 | D:3      | Became a worshipper of Ru the Awakened
  2504 | D:4      | Found a runed door.
  2504 | D:4      | Noticed an angel
  2505 | D:4      | Found a glowing silver altar of Zin.
  2563 | D:4      | Reached skill level 5 in Shields
  2563 | D:4      | Reached XP level 5. HP: 39/46 MP: 4/4
  2626 | D:4      | Noticed a phantom
  2669 | D:4      | Killed a phantom
  2669 | D:4      | Reached skill level 5 in Armour
  2683 | D:4      | Reached XP level 6. HP: 22/52 MP: 5/5
  2816 | D:3      | Reached skill level 5 in Maces & Flails
  2927 | D:4      | Found a staircase to the Ecumenical Temple.
  2928 | D:4      | Noticed an ogre
  3012 | D:4      | Killed an ogre
  3261 | D:4      | Reached skill level 6 in Shields
  3749 | D:4      | Reached XP level 7. HP: 49/59 MP: 6/6
  4038 | D:4      | Gained mutation: You are hated by all. [Ru sacrifice]
  4038 | D:4      | Acquired Ru's first power
  4253 | D:5      | Entered Level 5 of the Dungeon
  5244 | D:6      | Reached skill level 7 in Shields
  5591 | D:6      | Found a shimmering altar of Xom.
  5632 | D:6      | Found an opulent altar of Gozag.
  5633 | D:6      | Found a glowing silver altar of Zin.
  5877 | D:6      | Reached XP level 8. HP: 63/66 MP: 7/7
  6041 | D:6      | Gained mutation: You are missing an eye, making it more difficult to aim. [Ru sacrifice]
  6041 | D:6      | Acquired Ru's second power
  6395 | D:7      | Reached skill level 8 in Shields
  6599 | D:7      | Got a dazzling trident
  6600 | D:7      | Identified the +7 trident of No Interval {elec, rF+} (You found it on level 7 of the Dungeon)
  6702 | D:7      | Found a blossoming altar of Fedhas.
  6704 | D:7      | Found an ancient bone altar of Kikubaaqudgha.
  7004 | D:8      | Reached skill level 9 in Armour
  7089 | D:8      | Reached XP level 9. HP: 58/71 MP: 8/8
  7242 | D:8      | Gained mutation: You are somewhat resistant to further mutation. [mutagenic meat]
  7308 | D:8      | Noticed Grum
  7328 | D:8      | Killed Grum
  7418 | D:8      | Reached skill level 10 in Armour
  7699 | D:8      | Gained mutation: You cannot read scrolls while threatened. [Ru sacrifice]
  7699 | D:8      | Acquired Ru's third power
  7767 | D:8      | Reached skill level 10 in Shields
  8876 | D:9      | Found a stormy altar of Qazlal.
  8918 | D:9      | Reached skill level 1 in Evocations
  8960 | D:9      | Reached skill level 11 in Shields
  8966 | D:9      | Gained mutation: You have a pair of large horns on your head. [mutagenic meat]
  8967 | D:9      | Gained mutation: You are weak. (Str -2) [mutagenic meat]
  9048 | D:9      | Reached XP level 10. HP: 16/78 MP: 9/9
  9201 | D:9      | Noticed 4thArraOfDagon's ghost (experienced TrCK)
  9536 | D:9      | Killed 4thArraOfDagon's ghost
  9754 | D:9      | Reached skill level 10 in Maces & Flails
 10245 | D:10     | Entered Level 10 of the Dungeon
 10406 | D:10     | Noticed an orc knight
 10425 | D:10     | Killed an orc knight
 10430 | D:10     | Reached skill level 12 in Shields
 10610 | D:10     | Found Noletwoff's Weapon Shop.
 10610 | D:10     | Found a staircase to the Orcish Mines.
 10610 | D:10     | Found Postiamu's Armour Shop.
 10615 | D:10     | Gained mutation: You cannot train Dodging skill. [Ru sacrifice]
 10615 | D:10     | Acquired Ru's fourth power
 11141 | D:10     | Found a staircase to the Lair.
 11490 | D:10     | Noticed Josephine
 11506 | D:10     | Killed Josephine
 11506 | D:10     | Reached skill level 13 in Shields
 11506 | D:10     | Reached XP level 11. HP: 60/84 MP: 10/10
 13016 | D:11     | Reached skill level 14 in Shields
 13168 | D:11     | Upgraded the game from 0.17-a0-1805-g6093636 to 0.17-a0-1830-g81820eb
 13299 | D:11     | Noticed a hill giant
 13316 | D:11     | Killed a hill giant
 13448 | D:11     | Noticed an unseen horror
 13450 | D:11     | Killed an unseen horror
 13450 | D:11     | Reached skill level 5 in Fighting
 14048 | D:12     | Noticed a fire dragon
 14057 | D:12     | Noticed a hill giant
 14066 | D:12     | Killed a hill giant
 14524 | D:12     | Reached skill level 15 in Shields
 14524 | D:12     | Reached XP level 12. HP: 42/100 MP: 11/11
 14610 | D:12     | Noticed Maud
 15046 | D:12     | Killed Maud
 15353 | D:12     | Gained mutation: You cannot study or cast Ice magic. [Ru sacrifice]
 15353 | D:12     | Gained mutation: You cannot study or cast Hexes magic. [Ru sacrifice]
 15353 | D:12     | Gained mutation: You cannot study or cast Conjurations magic. [Ru sacrifice]
 15353 | D:12     | Acquired Ru's fifth power
 15452 | D:11     | Found a blossoming altar of Fedhas.
 15709 | D:12     | Killed from afar by a fire dragon

Vault maps used:
D:1:      moated_graveyard_arrival, minivault_26
D:2:      kennysheep_generic_room_15
D:3:      nicolae_ru_path_of_blood, makhleb_blood_cavern_becter
D:4:      minmay_temple_entry_hall, lemuel_angel_altar
D:5:      first_bread
D:6:      grunt_temple_overflow_gold_and_silver, kennysheep_mini, minivault_24
D:7:      grunt_temple_overflow_growth_and_decay, kennysheep_small_square
D:8:      uniq_grum
D:9:      grunt_qazlal_sundering
D:10:     dpeg_lair_monsters, orc_david_3, uniq_josephine
D:11:     lemuel_upstairs_altar
D:12:     minmay_crescents, blue_anna_alchemist, lemuel_flame_loot_1,
          uniq_snorg, uniq_maud, uniq_azrael

Action                   |  1- 3 |  4- 6 |  7- 9 | 10-12 || total
-------------------------+-------+-------+-------+-------++-------
Melee: Flail             |    36 |       |       |       ||    36
       Whip              |    57 |   203 |   223 |       ||   483
       Trident           |       |       |   292 |   353 ||   645
       Morningstar       |       |       |       |   334 ||   334
Throw: Tomahawk          |       |       |       |     3 ||     3
Invok: Sacrifice Love    |       |       |     1 |       ||     1
       Sacrifice an Eye  |       |       |     1 |       ||     1
       Sacrifice Words   |       |       |     1 |       ||     1
       Draw Out Power    |       |       |       |     2 ||     2
       Sacrifice Nimblen |       |       |       |     1 ||     1
       Power Leap        |       |       |       |     2 ||     2
       Sacrifice Arcana  |       |       |       |     1 ||     1
Evoke: Wand              |       |       |     1 |     4 ||     5
  Use: Scroll            |       |     6 |    11 |     7 ||    24
       Potion            |       |       |     2 |     4 ||     6
 Stab: Distracted        |       |       |     2 |     1 ||     3
       Invisible         |       |       |       |     4 ||     4
  Eat: Chunk             |     1 |     8 |    25 |    23 ||    57
       Pizza             |       |       |     1 |       ||     1
